 Dungeon Crawl Stone Soup version 0.29-a0-121-g8efb068a30 (webtiles) character file.

Game seed: 16444543498484319483

6 Gargoyl the Skirmisher (level 1, 0/15 HPs)
             Began as a Gargoyle Abyssal Knight on Feb 20, 2022.
             Was an Initiate of Lugonu.
             Slain by a hobgoblin (1 damage)
             ... on level 1 of the Dungeon.
             The game lasted 00:00:18 (241 turns).

Gargoyl the Skirmisher (Gargoyle Abyssal Knight)     Turns: 241, Time: 00:00:18

Health: 0/15       AC:  5    Str: 16    XL:     1   Next: 90%
Magic:  2/2        EV: 11    Int: 10    God:    Lugonu [......]
Gold:   27         SH:  0    Dex: 10    Spells: 0/0 levels left

rFire   . . .      SeeInvis .   a - +1 hand axe
rCold   . . .      Faith    .   (no shield)
rNeg    + . .      Spirit   .   b - +0 leather armour
rPois   ∞          Reflect  .   (no helmet)
rElec   +          Harm     .   (no cloak)
rCorr   .          Rampage  .   (no gloves)
Will    .....                   (no boots)
Stlth   +.........              (no amulet)
HPRegen 0.05/turn               (no ring)
MPRegen 0.08/turn               (no ring)

@: no status effects
A: sickness immunity, AC +2, negative energy resistance 1, electricity
resistance, torment resistance 1, petrification resistance
a: Renounce Religion


You were on level 1 of the Dungeon.
You worshipped Lugonu.
Lugonu was noncommittal.
You visited 1 branch of the dungeon, and saw 1 of its levels.
You visited the Abyss 1 time.

You collected 27 gold pieces.

Inventory:

Hand Weapons
 a - a +1 hand axe (weapon)
Missiles
 c - 9 poisoned darts (quivered)
Armour
 b - a +0 leather armour (worn)
Scrolls
 e - a scroll of fear {unknown}
Potions
 d - a potion of heal wounds {unknown}


   Skills:
 + Level 3.7 Fighting
 + Level 1.7 Axes
 + Level 2.3 Armour
 + Level 0.7 Dodging
 + Level 2.0 Invocations


You couldn't memorise any spells.
You didn't know any spells.
Your spell library was empty.

Dungeon Overview and Level Annotations

Branches:
Dungeon (1/15)

Altars:


Innate Abilities, Weirdness & Mutations

You are immune to sickness and miasma.
Your stone body is resilient. (AC +2)
You are immune to poison.
You resist negative energy. (rN+)
You are resistant to electric shocks. (rElec)
You are resistant to unholy torment.
You are immune to petrification.


Message History

A kobold comes into view. It is wielding a +0 dagger.
The kobold shouts!
The kobold throws a stone.
The stone completely misses you. The rat closely misses you.
The rat barely misses you. The hobgoblin barely misses you.
The kobold throws a stone.
The stone closely misses you. The rat bites you. The hobgoblin misses you.
The kobold throws a stone.
The stone closely misses you. The hobgoblin hits you.
The kobold throws a stone.
The stone hits you.
Unknown command.
The kobold barely misses you.
Unknown command.
The kobold barely misses you. The kobold hits you with a +0 dagger.
Unknown command.
Unknown command.
You barely miss the rat. You hit the kobold. The rat closely misses you.
The kobold barely misses you. The rat misses you.
Unknown command.
You hit the rat.
You kill the rat!
Lugonu accepts your kill.
You barely miss the hobgoblin. You completely miss the kobold.
The hobgoblin hits you. The kobold barely misses you.
The kobold closely misses you.
The hobgoblin hits you but does no damage.
The kobold hits you but does no damage. The hobgoblin hits you.
You see here a rat corpse.
Unknown command.
The kobold hits you but does no damage. The hobgoblin barely misses you.
You closely miss the kobold.
The kobold is severely wounded.
You hit the hobgoblin. The kobold hits you with a +0 dagger.
* * * LOW HITPOINT WARNING * * *
The hobgoblin hits you.
* * * LOW HITPOINT WARNING * * *
You barely miss the kobold.
The kobold is severely wounded.
You hit the hobgoblin. The hobgoblin hits you.
You die...

§#≈≈≈#
##'#######.#
≈≈8≈≈#
#........#.#..
≈§≈8≈#
#............
≈≈≈≈≈#
#........###
..§###
#........#
...#
#........#####
####
#.............
#>............
#.....@.......
#....K†g......
##.....##.....
####### #####


You could see a hobgoblin and a kobold.

Vanquished Creatures
  A dart slug (D:1)
  A giant cockroach (D:1)
  A goblin (D:1)
  A rat (D:1)
4 creatures vanquished.

Notes
Turn   | Place    | Note
-------+----------+-------------------------------------------
     0 | Abyss:1  | Gargoyl the Gargoyle Abyssal Knight began the quest for the
                  | Orb.
     0 | Abyss:1  | Reached XP level 1. HP: 14/14 MP: 2/2
     0 | D:1      | Escaped the Abyss
   241 | D:1      | Slain by a hobgoblin

Illustrated notes

Levels and vault maps discovered:
D:1:      lightli_arrival_boilingwater, layout_basic

Action                   || total
-------------------------++-------
Melee: Hand axe          ||     9
Invok: Depart the Abyss  ||     1
Armor: Leather armour    ||     5
Dodge: Dodged            ||    16

Table legend: (Time is in decaauts)
 A = Elapsed time spent in this place.
 B = Non-inter-level travel time spent in this place.
 C = Inter-level travel time spent in this place.
 D = Time resting spent in this place.
 E = Time spent auto-exploring this place.
 F = Levels seen in this place.
 G = Mean time per level.
                   A        B        C        D        E       F      G
               +--------+--------+--------+--------+--------+-----+--------+
         Total |    245 |    245 |      0 |      0 |    186 |   2 |  122.5 |
       Dungeon |    245 |    245 |      0 |      0 |    186 |   1 |  245.0 |
         Abyss |      0 |      0 |      0 |      0 |      0 |   1 |    0.0 |
               +--------+--------+--------+--------+--------+-----+--------+

Top non-repeatable levels by time:
     D:1: 245 daAuts
